 Dungeon Crawl Stone Soup version 0.22-a0-533-g4d20840 (console) character file.

22 Goblin1989 the Firebug (level 2, 0/17 HPs)
             Began as an Octopode Fire Elementalist on June 22, 2018.
             Succumbed to an adder's poison
             ... on level 2 of the Dungeon.
             The game lasted 00:02:01 (536 turns).

Goblin1989 the Firebug (Octopode Fire Elementalist)  Turns: 536, Time: 00:02:02

Health: 0/17       AC:  1    Str:  7    XL:     2   Next: 91%
Magic:  1/5        EV: 13    Int: 17    God:
Gold:   24         SH:  0    Dex: 12    Spells: 5/5 levels left

rFire    . . .     SeeInvis .   (no weapon)
rCold    . . .     Gourm    .   (no shield)
rNeg     . . .     Faith    .   (helmet restricted)
rPois    .         Spirit   .   (no amulet)
rElec    .         Reflect  .   (no ring)
rCorr    .         Harm     .   (no ring)
MR       .....                  (no ring)
Stlth    +++.......             (no ring)
HPRegen  0.05/turn              (no ring)
MPRegen  0.09/turn              (no ring)
                                (no ring)
                                (no ring)

@: lethally poisoned (0 -> -6), very slightly contaminated
A: almost no armour, stealthy swim, amphibious, 8 rings, constrict 8, camouflage
1, gelatinous body 1
a: no special abilities


You were on level 2 of the Dungeon.
You were not hungry.

You visited 1 branch of the dungeon, and saw 2 of its levels.

You collected 24 gold pieces.

Inventory:

Comestibles
 e - 2 rations


   Skills:
 - Level 2.0 Dodging
 - Level 2.6 Stealth
 + Level 2.2 Spellcasting
   Level 1.8 Conjurations
   Level 3.4 Fire Magic


You had 5 spell levels left.
You didn't know any spells.
Your spell library contained the following spells:

 Spells                   Type           Power        Failure   Level  Hunger
 Fireball                 Conj/Fire      ##........   87%         5    ######.
 Conjure Flame            Conj/Fire      ##......     19%         3    ###....
 Throw Flame              Conj/Fire      ##....       10%         2    ###....
 Sticky Flame             Conj/Fire      ##......     54%         4    #####..
 Flame Tongue             Conj/Fire      ##...        6%          1    #......
 Inner Flame              Hex/Fire       #.......     28%         3    ###....


Dungeon Overview and Level Annotations

Branches:
Dungeon (1/15)

Altars:


Innate Abilities, Weirdness & Mutations

You cannot wear most types of armour.
You are very stealthy in the water. (Stealth+)
You are amphibious.
You can wear up to eight rings at the same time.
You can use your tentacles to constrict eight enemies at once.
Your skin changes colour to match your surroundings (Stealth+).
Your rubbery body absorbs attacks. (AC +1, EV +1)


Message History

You can't see any susceptible monsters within range! (Use Z to cast anyway.)
Casting: Flame Tongue (safe; 7% risk of failure)
Confirm with . or Enter, or press ? or * to list all spells.
Aiming: Flame Tongue (safe; 7% risk of failure)
Press: ? - help, Shift-Dir - straight line, f - adder
Aim: an adder The flame tongue misses the adder.
You now have 4/5 mp.
Casting: Flame Tongue (safe; 7% risk of failure)
Confirm with . or Enter, or press ? or * to list all spells.
Aiming: Flame Tongue (safe; 7% risk of failure)
Press: ? - help, Shift-Dir - straight line, f/p - adder
Aim: an adder The flame tongue hits the adder.
The adder is moderately wounded.
You now have 3/5 mp.
Casting: Flame Tongue (safe; 7% risk of failure)
Confirm with . or Enter, or press ? or * to list all spells.
Aiming: Flame Tongue (safe; 7% risk of failure)
Press: ? - help, Shift-Dir - straight line, f/p - adder
Aim: an adder (moderately wounded)
The flame tongue hits the adder.
The adder is heavily wounded.
The adder bites you.
You take 1 damage, and have 16/17 hp.
You now have 2/5 mp.
Casting: Flame Tongue (safe; 7% risk of failure)
Confirm with . or Enter, or press ? or * to list all spells.
Aiming: Flame Tongue (safe; 7% risk of failure)
Press: ? - help, Shift-Dir - straight line, f/p - adder
Aim: an adder (moderately wounded)
The flame tongue hits the adder.
The adder appears unharmed.
The adder is moderately wounded.
The adder bites you but does no damage. The adder barely misses you.
You now have 1/5 mp.
Casting: Flame Tongue (safe; 7% risk of failure)
Confirm with . or Enter, or press ? or * to list all spells.
Aiming: Flame Tongue (safe; 7% risk of failure)
Press: ? - help, Shift-Dir - straight line, f/p - adder
Aim: an adder (moderately wounded)
You miscast Flame Tongue.
You are very lightly contaminated with residual magic.
Nothing appears to happen.
The adder closely misses you.
You now have 0/5 mp.
Casting: Flame Tongue (safe; 7% risk of failure)
Confirm with . or Enter, or press ? or * to list all spells.
You don't have enough magic to cast that spell.
Casting: Flame Tongue (safe; 7% risk of failure)
Confirm with . or Enter, or press ? or * to list all spells.
You don't have enough magic to cast that spell.
Unknown command.
You tentacle-slap the adder. You grab the adder.
The adder is heavily wounded.
You constrict the adder. The adder bites you.
You are poisoned.
The adder poisons you!
You take 1 damage, and have 15/17 hp.
You tentacle-slap the adder.
The adder is severely wounded.
You constrict the adder.
You feel sick. The adder bites you.
You take 5 damage, and have 10/17 hp.
MASSIVE DAMAGE!!
You barely miss the adder.
The adder is severely wounded.
You constrict the adder.
You feel sick. The adder bites you.
* * * LOW HITPOINT WARNING * * *
You are lethally poisoned!
The adder poisons you! The adder barely misses you.
You take 4 damage, and have 6/17 hp.
MASSIVE DAMAGE!!
Unknown command.
You barely miss the adder.
The adder is almost dead.
You constrict the adder.
You kill the adder!
Unknown command.
Unknown command.
Unknown command.
You aren't carrying any potions.
* * * LOW HITPOINT WARNING * * *
You feel sick.
You take 1 damage, and have 5/17 hp.
* * * LOW HITPOINT WARNING * * *
You feel sick.
You take 1 damage, and have 4/17 hp.
* * * LOW HITPOINT WARNING * * *
You feel sick.
You see here a scroll labeled YPNIKHE IVVUOL.
As you read the scroll labeled YPNIKHE IVVUOL, it crumbles to dust.
It is a scroll of amnesia.
Your memory of Flame Tongue unravels.
* * * LOW HITPOINT WARNING * * *
You feel sick.
You stop training Conjurations and Fire Magic.
You take 1 damage, and have 3/17 hp.
Unknown command.
* * * LOW HITPOINT WARNING * * *
You feel sick.
You take 1 damage, and have 2/17 hp.
* * * LOW HITPOINT WARNING * * *
You feel sick.
You take 1 damage, and have 1/17 hp.
You die...

.<.............
...............
...............
...............
.............
█...........
█...........
▲...@.......
██.....██████
█.........█
███.........█
............▲
███.........█
█.........█
█.........█
█.........█


There were no monsters in sight!

Vanquished Creatures
  An adder (D:2)
  A giant cockroach (D:1)
  3 goblins (D:1)
  3 jackals (D:1)
  A bat (D:1)
  A frilled lizard (D:2)
  3 kobolds
  A rat (D:1)
14 creatures vanquished.

Notes
Turn   | Place    | Note
-------+----------+-------------------------------------------
     0 | D:1      | Goblin1989 the Octopode Fire Elementalist began the quest for the Orb.
     0 | D:1      | Reached XP level 1. HP: 11/11 MP: 3/3
   236 | D:1      | Reached XP level 2. HP: 9/17 MP: 1/5
   471 | D:1      | You fall through a shaft!
   536 | D:2      | Succumbed to an adder's poison

Vault maps used:
D:1:      kennysheep_arrival_forest, minmay_tetromino_l2
D:2:      nicolae_dithmenos_shadow_blocks

Action                   || total
-------------------------++-------
Melee: Unarmed           ||    22
       Constrict         ||     6
       Tentacles         ||     5
 Cast: Flame Tongue      ||    18
  Use: Scroll            ||     1
Armor: Skin              ||     3
Dodge: Dodged            ||    17

Table legend:
 A = Spawn XP
 B = Non-spawn XP
 C = Spawn XP percentage of total XP
 D = Spawn monster count
 E = Non-spawn monster count
 F = Spawn count percentage of total count
 G = Total turns spent on level
                    A         B        C        D         E        F      G
               +---------+---------+-------+---------+---------+-------+---------
         Total |       0 |      32 |   0.0 |       0 |      14 |   0.0 |   536
               +---------+---------+-------+---------+---------+-------+---------
           D:1 |       0 |      16 |   0.0 |       0 |      10 |   0.0 |   471
           D:2 |       0 |      16 |   0.0 |       0 |       4 |   0.0 |    65
               +---------+---------+-------+---------+---------+-------+---------

Vault maps used:
D:1:      kennysheep_arrival_forest, minmay_tetromino_l2
D:2:      nicolae_dithmenos_shadow_blocks
